 Dungeon Crawl Stone Soup version 0.20-a0-1122-gb7cbeb9 (webtiles) character file.

4750 Leszczynek the Cleaver (level 10, 0/63 (64) HPs)
             Began as a Tengu Wanderer on May 14, 2017.
             Was an Elder of Okawaru.
             Slain by a wolf (7 damage)
             ... led by Grum
             ... on level 8 of the Dungeon.
             The game lasted 00:42:32 (7061 turns).

Leszczynek the Cleaver (Tengu Wanderer)             Turns: 7061, Time: 00:42:33

HP:   0/63 (64)     AC: 12    Str: 17    XL:     10   Next: 46%
MP:   12/14         EV: 16    Int: 13    God:    Okawaru [****..]
Gold: 413           SH:  0    Dex: 12    Spells: 9/9 levels left

rFire    + . .     SeeInvis +   a - +1 hand axe (chop)
rCold    . . .     Gourm    .   (no shield)
rNeg     . . .     Faith    .   p - +0 ring mail
rPois    .         Spirit   .   (helmet restricted)
rElec    .         Reflect  .   r - +2 cloak
rCorr    .         Harm     .   I - +2 pair of gloves
MR       .....                  (boots unavailable)
Stlth    +++.......             (no amulet)
Regen    0.2/turn               u - ring of see invisible
MPRegen  0.2/turn               w - ring of protection from fire

@: heroism
A: beak, talons 3, able to fly 1
a: Fly, Heroism, Renounce Religion


You were on level 8 of the Dungeon.
You worshipped Okawaru.
Okawaru was greatly pleased with you.
You were not hungry.

You visited 1 branch of the dungeon, and saw 10 of its levels.

You collected 413 gold pieces.

Inventory:

Hand Weapons
 a - a +1 hand axe of chopping (weapon)
 l - a +0 dire flail
 D - a +3 hand axe
 O - a +0 blowgun
Missiles
 H - a throwing net (quivered)
Armour
 p - a +0 ring mail (worn)
 r - a +2 cloak (worn)
 I - a +2 pair of gloves (worn)
Jewellery
 u - a ring of see invisible (left hand)
 w - a ring of protection from fire (right hand)
 N - an uncursed ring of ice
Wands
 j - a wand of confusion (18/48)
 x - a wand of iceblast (0/15)
 A - a wand of polymorph (18/24)
 B - a wand of confusion (16/48)
 C - a wand of enslavement (1/24)
 E - a wand of acid (3/15)
 J - a wand of lightning (7/15)
 K - a wand of iceblast (9/15)
 M - a wand of digging (2/24)
Scrolls
 c - 2 scrolls of fog
 g - 4 scrolls of blinking
 k - 3 scrolls of remove curse {@r2}
 n - 3 scrolls of teleportation
 y - 3 scrolls of enchant armour
Potions
 b - a potion of haste {unknown}
 e - 2 potions of curing {@q1}
 f - 2 potions of lignification {!q}
 h - a potion of flight {unknown}
 i - a potion of magic {unknown}
 m - 2 potions of cancellation {unknown}
 q - a potion of heal wounds {unknown}
 s - 4 potions of agility {unknown}
 v - 2 potions of ambrosia {unknown}
 G - 2 potions of mutation {unknown}
 L - 2 potions of degeneration {unknown}
Comestibles
 d - 7 bread rations
 o - 2 meat rations
 t - 10 fruits
 z - 2 royal jellies
 F - 3 chunks of flesh


   Skills:
 - Level 8.0(13.0) Fighting
 - Level 11.7(17.1) Axes
 * Level 4.9(14.1) Maces & Flails
 - Level 1.3(6.3) Armour
 - Level 5.0(10.0) Dodging
 - Level 2.0(7.0) Stealth
 + Level 0.3 Invocations
 - Level 4.0 Evocations


You had 9 spell levels left.
You didn't know any spells.

Dungeon Overview and Level Annotations

Branches:
Dungeon (10/15)            Temple (0/1) D:6            Lair (0/6) D:9
    Orc: D:9-12

Altars:
Hepliaklqana
Okawaru
Qazlal
Ru
Sif Muna
Uskayaw
Vehumet
The Shining One

Annotations:
D:4 exclusion: statue, anfisbena's ghost, novice VSFi
D:7 2 orc f, para needles
D:8 pedritolo's ghost, novice CeAM


Innate Abilities, Weirdness & Mutations

You have a beak for a mouth.
You have claws for feet.
You can fly.


Message History

You closely miss the wolf.
The wolf is severely wounded.
The wolf bites you!
* * * LOW HITPOINT WARNING * * *
Evoke which item? (* to show all) (? for menu, Esc to quit)
Okay, then.
Okay, then.
Evoke which item? (* to show all) (? for menu, Esc to quit)
Aiming: Corrosive Bolt
Press: ? - help, Shift-Dir - straight line, f - wolf
Aim: a wolf (severely wounded)
The bolt of acid misses the wolf.
This wand has 4 charges left.
The wolf completely misses you. The wolf barely misses you.
Evoke which item? (* to show all) (? for menu, Esc to quit)
Aiming: Corrosive Bolt
Press: ? - help, Shift-Dir - straight line, f/p - wolf
Aim: a wolf (severely wounded)
The bolt of acid misses the wolf.
This wand has 3 charges left.
The wolf barely misses you. The wolf bites you!
You die...

#### ..# #h# ##########
#@# #......... #.#
#.######## #.# ###.# #
##.#####...#
#.#..........#
#.#...##.#...#######
##........##).......#
#...>.......>.....#.#
#.............##.###.#.##


You could see a wolf.

Vanquished Creatures
  Pikel (D:4)
  A troll (D:9)
  A hippogriff (D:8)
  Grum (D:8)
  A hungry ghost (D:7)
  Eustachio (D:3)
  Menkaure (D:6)
  A black bear (D:9)
  A phantom (D:4)
  4 slaves
  An orc warrior (D:9)
  An ice beast (D:5)
  A sky beast (D:9)
  9 ogres
  A necrophage (D:9)
  3 wolves (D:8)
  A centaur (D:5)
  2 big kobolds (D:9)
  2 bullfrogs
  A water moccasin zombie (D:7)
  4 scorpions
  A howler monkey (D:3)
  4 crimson imps
  A centaur zombie (D:6)
  A quasit (D:5)
  2 jellies
  3 orc priests
  3 hounds
  6 orc wizards
  7 worker ants
  4 iguanas
  2 hound skeletons
  A howler monkey zombie (D:5)
  10 adders
  4 gnolls
  A shadow imp (D:7)
  An ooze (D:7)
  An adder zombie (D:9)
  3 dart slugs
  5 leopard geckos
  36 orcs
  5 ball pythons (D:3)
  6 giant cockroaches
  9 hobgoblins
  7 jackals
  4 quokkas
  9 bats
  7 frilled lizards
  9 goblins
  14 kobolds
  A leopard gecko zombie (D:5)
  A quokka skeleton (D:5)
  6 rats
213 creatures vanquished.

Vanquished Creatures (others)
  An orc (D:4)
1 creature vanquished.

Grand Total: 214 creatures vanquished

Notes
Turn   | Place    | Note
-------+----------+-------------------------------------------
     0 | D:1      | Leszczynek the Tengu Wanderer began the quest for the Orb.
     0 | D:1      | Leszczynek set off with: a +2 hand axe, a +0 spear, a potion of lignification {!q}, a bread ration, a +0 dagger, a +0 robe
     0 | D:1      | Reached XP level 1. HP: 14/14 MP: 2/2
     3 | D:1      | 16/11/10 (8/3/1)
     3 | D:1      | huh
     3 | D:1      | that's a pretty extreme distribution
    46 | D:1      | HP: 1/14 [dart slug/slug dart (6)]
    56 | D:1      | using lignification at d:1
    56 | D:1      | meh
   363 | D:1      | Reached XP level 2. HP: 16/19 MP: 3/3
   382 | D:1      | Reached skill level 4 in Axes
   471 | D:1      | Reached skill level 1 in Dodging
   510 | D:1      | HP: 1/19 [goblin (4)]
   674 | D:1      | Reached XP level 3. HP: 15/23 MP: 4/4
  1127 | D:2      | Found a hazy altar of Hepliaklqana.
  1446 | D:3      | Reached XP level 4. HP: 27/28 MP: 5/5
  1452 | D:3      | Reached skill level 5 in Axes
  1476 | D:3      | Found an iron altar of Okawaru.
  1503 | D:3      | Became a worshipper of Warmaster Okawaru
  1565 | D:3      | which fucker opened the door
  1976 | D:4      | Noticed anfisbena's ghost (novice VSFi)
  2109 | D:4      | Reached skill level 6 in Axes
  2109 | D:4      | Gained mutation: You can fly. [Tengu growth]
  2109 | D:4      | Reached XP level 5. HP: 27/32 MP: 6/6
  2141 | D:3      | HP: 6/32 [poisoned by an adder]
  2361 | D:4      | Noticed an ogre
  2562 | D:3      | Reached XP level 6. HP: 27/37 MP: 7/7
  2626 | D:4      | jesus
  2680 | D:3      | so, ogre or orc priest
  2721 | D:4      | both, it seems
  2725 | D:3      | Reached skill level 7 in Axes
  2784 | D:4      | Noticed a slave
  2784 | D:4      | pikel
  2849 | D:4      | Noticed Pikel
  2849 | D:4      | Noticed a phantom
  2850 | D:4      | Noticed a slave
  2850 | D:4      | Noticed a slave
  2954 | D:3      | Killed a slave
  3162 | D:4      | Noticed Eustachio
  3185 | D:3      | speedruns here
  3207 | D:4      | moooooore please moooore
  3222 | D:3      | Killed Eustachio
  3222 | D:3      | Reached * piety under Okawaru
  3222 | D:3      | Reached skill level 8 in Axes
  3222 | D:3      | Reached XP level 7. HP: 22/41 MP: 8/8
  3552 | D:4      | Reached skill level 2 in Dodging
  3695 | D:4      | Found a radiant altar of Vehumet.
  3742 | D:5      | Entered Level 5 of the Dungeon
  3747 | D:5      | Reached skill level 4 in Fighting
  4035 | D:5      | Reached skill level 3 in Dodging
  4081 | D:5      | Reached XP level 8. HP: 14/48 MP: 6/9
  4209 | D:5      | Reached skill level 5 in Fighting
  4209 | D:5      | Reached skill level 9 in Axes
  4306 | D:5      | Found a glowing golden altar of the Shining One.
  4381 | D:5      | Found a sacrificial altar of Ru.
  4391 | D:5      | Found a hide-covered altar of Uskayaw.
  4601 | D:4      | Killed Pikel
  4601 | D:4      | Reached ** piety under Okawaru
  4601 | D:4      | Reached skill level 6 in Fighting
  4601 | D:4      | Reached skill level 10 in Axes
  4601 | D:4      | Reached XP level 9. HP: 55/55 MP: 10/10
  4629 | D:4      | Found a stormy altar of Qazlal.
  4847 | D:6      | Noticed Menkaure
  4861 | D:6      | Killed Menkaure
  4916 | D:6      | Reached skill level 11 in Axes
  4948 | D:6      | Found a staircase to the Ecumenical Temple.
  5186 | D:7      | HP: 11/56 [water moccasin zombie (1)]
  5366 | D:7      | Reached skill level 2 in Evocations
  5533 | D:7      | Reached *** piety under Okawaru
  5541 | D:7      | Reached skill level 7 in Fighting
  5541 | D:7      | Reached skill level 4 in Dodging
  5541 | D:7      | Reached skill level 3 in Evocations
  5669 | D:6      | You fall through a shaft for 3 floors!
  5670 | D:9      | great
  5679 | D:9      | HP: 8/57 [worker ant (7)]
  5891 | D:9      | Reached skill level 4 in Evocations
  6065 | D:10     | Entered Level 10 of the Dungeon
  6129 | D:9      | Found a deep blue altar of Sif Muna.
  6151 | D:9      | Found a staircase to the Lair.
  6192 | D:8      | Noticed pedritolo's ghost (novice CeAM)
  6193 | D:8      | ce ghost
  6193 | D:8      | great
  6218 | D:8      | Reached skill level 5 in Dodging
  6218 | D:8      | Reached XP level 10. HP: 52/64 MP: 12/14
  6851 | D:9      | Reached skill level 8 in Fighting
  6881 | D:9      | Reached skill level 1 in Maces & Flails
  6890 | D:9      | Reached **** piety under Okawaru
  6890 | D:9      | Reached skill level 2 in Maces & Flails
  6938 | D:9      | Reached skill level 3 in Maces & Flails
  7022 | D:8      | Reached skill level 4 in Maces & Flails
  7023 | D:8      | Noticed Grum
  7036 | D:8      | Killed Grum
  7059 | D:8      | HP: 6/63 [wolf[Grum] (9)]
  7061 | D:8      | Slain by a wolf

Vault maps used:
D:1:      shiori_shiawase, fountainhead
D:2:      nicolae_overflow_crystal_walls
D:3:      okawaru_trees_1, minmay_snake_closets
D:4:      vehumet_statue, first_bread, grunt_qazlal_clouds,
          uniq_crazy_yiuf_cottage, uniq_pikel, uniq_eustachio
D:5:      eat_drink_and_be_merry_uskayaw, marbit_many_paths, basic_altar
D:6:      overflow_temple_1_default, temple_green, lemuel_flamethrower_2,
          uniq_menkaure
D:8:      lemuel_round_altar, lemuel_crystal_altar, serial_park_tiny_2,
          uniq_grum, uniq_joseph
D:9:      lemuel_doored_altar, lemuel_round_altar, lair_entry_dummy
D:10:     grunt_livestock

Skill      XL: |  1  2  3  4  5  6  7  8  9 10 |
---------------+-------------------------------+-----
Axes           | 4 6 8 10 11 | 11.7
Dodging        | 1 3 5 |  5.0
Fighting       | 4 6 7 8 |  8.0
Evocations     | 4 |  4.0
Maces & Flails | 4 |  4.9
Armour         | |  1.3
Stealth        | |  2.0
Invocations    | |  0.3

Action                   |  1- 3 |  4- 6 |  7- 9 | 10-12 || total
-------------------------+-------+-------+-------+-------++-------
Melee: Hand axe          |   129 |   153 |   375 |   135 ||   792
       Peck              |    13 |    16 |    80 |    29 ||   138
       Kick              |    18 |    24 |    99 |    33 ||   174
       Punch             |       |       |     3 |     1 ||     4
Invok: Heroism           |       |       |     7 |     5 ||    12
Evoke: Wand              |       |     7 |    13 |     5 ||    25
  Use: Potion            |     1 |     1 |       |       ||     2
       Scroll            |       |    11 |     7 |     6 ||    24
 Stab: Sleeping          |     3 |     1 |     1 |       ||     5
       Confused          |       |       |     5 |     2 ||     7
  Eat: Chunk             |     2 |     6 |    10 |     3 ||    21
       Bread ration      |       |       |     1 |       ||     1
Armor: Robe              |    22 |       |       |       ||    22
       Skin              |     3 |       |       |       ||     3
       Ring mail         |    15 |    51 |   112 |    27 ||   205
Dodge: Dodged            |    68 |    84 |   143 |    54 ||   349
